 Dungeon Crawl Stone Soup version 0.24.0-28-g17ded55e90 (webtiles) character file.

Game seed: 9246057930329100537, levelgen mode: deterministic

57 Emblim88 the Skirmisher (level 4, -2/35 HPs)
             Began as a Merfolk Wanderer on Nov 12, 2019.
             Was an Initiate of Elyvilon.
             Slain by Sigmund
             ... wielding a +0 scythe
              (10 damage)
             ... on level 2 of the Dungeon.
             The game lasted 00:08:47 (1565 turns).

Emblim88 the Skirmisher (Merfolk Wanderer)          Turns: 1565, Time: 00:08:48

Health: -2/35      AC:  5    Str: 11    XL:     4   Next: 0%
Magic:  4/4        EV: 13    Int: 12    God:    Elyvilon [......]
Gold:   134        SH:  0    Dex: 14    Spells: 3/3 levels left

rFire    . . .     SeeInvis .   n - +0 short sword
rCold    . . .     Gourm    .   (no shield)
rNeg     . . .     Faith    .   d - +2 leather armour
rPois    .         Spirit   .   (no helmet)
rElec    .         Reflect  .   (no cloak)
rCorr    .         Harm     .   (no gloves)
MR       .....                  (no boots)
Stlth    ++........             (no amulet)
HPRegen  0.11/turn              k - ring of wizardry
MPRegen  0.09/turn              (no ring)

@: no status effects
A: change form in water, swift swim, stealthy swim
a: Renounce Religion


You were on level 2 of the Dungeon.
You worshipped Elyvilon.
Elyvilon was noncommittal.
You were not hungry.

You visited 1 branch of the dungeon, and saw 2 of its levels.

You collected 134 gold pieces.

Inventory:

Hand Weapons
 a - a +0 dagger
 h - a +0 hand axe
 n - a +0 short sword (weapon)
 s - a +2 hunting sling of velocity
Missiles
 j - 28 bolts
 o - 9 stones (quivered)
Armour
 b - a +0 ring mail
 d - a +2 leather armour (worn)
 e - a +0 chain mail
Jewellery
 k - a ring of wizardry (left hand)
Scrolls
 c - a scroll of teleportation
 g - a scroll of enchant weapon {unknown}
 l - 5 scrolls of identify {unknown}
 p - a scroll of amnesia {unknown}
 q - a scroll of fear {unknown}
Potions
 i - a potion of curing {unknown}
 t - a potion of haste {unknown}
Comestibles
 f - 5 rations


   Skills:
 + Level 3.1 Fighting
 - Level 1.5(1.7) Axes
   Level 1.5(2.4) Polearms
 + Level 0.3 Slings
 - Level 1.6 Armour
 + Level 3.0 Dodging
 - Level 2.1 Stealth
 + Level 0.4 Invocations
   Level 1.0 Evocations


You had 3 spell levels left.
You didn't know any spells.
Your spell library was empty.

Dungeon Overview and Level Annotations

Branches:
Dungeon (2/15)

Altars:
Elyvilon

Annotations:
D:2 Sigmund


Message History

Okay, then.
You're too confused to move!
You feel less confused. Something hits you.
The frilled lizard barely misses you.
You hit the frilled lizard.
You kill the frilled lizard!
You have reached level 4!
Something hits you!
* * * LOW HITPOINT WARNING * * *
You are confused.
Sigmund appears from thin air!
Reactivating autopickup.
Sigmund misses you.
You feel less confused.
Sigmund mumbles some strange words.
Sigmund flickers and vanishes!
Deactivating autopickup; reactivate with Ctrl-A.
Something barely misses you. Something hits you!
You die...

##### #.# #....# #...# #.# #....#
###########...# #.# #....#
#.............# #.# #....#
#.###......#### #.########.#
######.#[#.##......###.#........#
...........)#.......##'#.########
#.....##.#.##.......♣#..<........
#.....#.........@.†♣♣#...#.##..##
#.....##.#.#........♣#.....##..#.
#........###.#+#....##.....##..#<
####.........#.....##......##..#.
####......####..####...........#.
..........÷................#...##
####......####...........#.#...#.
###............................^.
..+..........................>.#.


There were no monsters in sight!

Vanquished Creatures
  3 adders (D:2)
  An ooze (D:1)
  A worm (D:2)
  4 giant cockroaches
  3 goblins
  2 hobgoblins (D:1)
  3 bats (D:1)
  A frilled lizard (D:2)
  3 kobolds
  5 rats
26 creatures vanquished.

Notes
Turn   | Place    | Note
-------+----------+-------------------------------------------
     0 | D:1      | Emblim88 the Merfolk Wanderer began the quest for the Orb.
     0 | D:1      | Emblim88 set off with the following items: a +0 dagger, a
                  | +0 ring mail, a scroll of teleportation, a +2 leather
                  | armour, a ration
     0 | D:1      | Reached XP level 1. HP: 16/16 MP: 1/1
    97 | D:1      | Reached XP level 2. HP: 23/23 MP: 2/2
   806 | D:2      | Reached XP level 3. HP: 27/28 MP: 3/3
   831 | D:2      | Found a white marble altar of Elyvilon.
   844 | D:2      | Became a worshipper of Elyvilon the Healer
  1475 | D:2      | Noticed Sigmund
  1554 | D:2      | Reached XP level 4. HP: 20/35 MP: 4/4
  1565 | D:2      | Slain by Sigmund

Levels and vault maps discovered:
D:1:      tarquinn_simple_flora_water_b, layout_loops_ring, minmay_bisected
D:2:      layout_basic, elyvilon_altar_3, kennysheep_nub, minmay_pentomino_u4,
          uniq_sigmund

Skill      XL: |  1  2  3 |
---------------+----------+-----
Dodging        | 2 3 |  3.0
Fighting       | 3 |  3.1
Axes           | |  1.5
Polearms       | |  1.5
Slings         | |  0.3
Armour         | |  1.6
Stealth        | |  2.1
Invocations    | |  0.4
Evocations     | |  1.0

Action                   |  1- 3 |  4- 6 || total
-------------------------+-------+-------++-------
Melee: Dagger            |    47 |       ||    47
       Short sword       |    58 |       ||    58
 Fire: Hunting sling     |     9 |       ||     9
Throw: Stone             |     1 |       ||     1
  Use: Potion            |     1 |       ||     1
 Stab: Sleeping          |     3 |       ||     3
  Eat: Chunk             |     2 |       ||     2
Armor: Leather armour    |    35 |       ||    35
Dodge: Dodged            |    67 |     2 ||    69
